 Dungeon Crawl Stone Soup version 0.32-a0-485-g70f7560b1c (webtiles) character file.

Game seed: 14577963607932959343

18 horus123 the Magician (level 2, -3/15 HPs)
             Began as a Deep Elf Conjurer on Feb 27, 2024.
             Slain by Sigmund
             ... wielding a +0 scythe
              (10 damage)
             ... on level 2 of the Dungeon.
             The game lasted 00:00:56 (870 turns).

horus123 the Magician (Deep Elf Conjurer)            Turns: 870, Time: 00:00:56

Health: -3/15      AC:  2    Str:  4    XL:     2   Next: 51%
Magic:  8/9        EV: 12    Int: 22    God:
Gold:   0          SH:  0    Dex: 13    Spells: 7/10 levels left

rFire   . . .        i - staff of cold
rCold   + . .        (no shield)
rNeg    . . .        a - +0 robe
rPois   .            (no helmet)
rElec   .            (no cloak)
rCorr   .            (no gloves)
SInv    .            (no boots)
Will    .....        (no amulet)
Stlth   ++           (no ring)
HPRegen 0.22/turn    (no ring)
MPRegen 0.11/turn

%: no passive effects
@: no status effects
A: no striking features
a: no special abilities


You were on level 2 of the Dungeon.
You visited 1 branch of the dungeon, and saw 2 of its levels.

Inventory:

Armour
 a - a +0 robe (worn)
Magical Staves
 i - a staff of cold (weapon)
Jewellery
 e - a ring of fire
Scrolls
 k - 2 scrolls of identify {unknown}
Potions
 b - a potion of magic
 c - a potion of experience {unknown}
 d - a potion of degeneration {unknown}
 f - a potion of enlightenment {unknown}
 g - a potion of lignification {unknown}
 h - a potion of haste {unknown}
 j - 4 potions of curing {unknown}


   Skills:
 - Level 2.4 Dodging
 - Level 2.4 Stealth
 + Level 4.5 Spellcasting
 - Level 4.3 Conjurations


You had 7 spell levels left.
You knew the following spells:

 Your Spells              Type           Power      Damage    Failure   Level
a - Magic Dart            Conj           96%        1d7       1%          1
b - Searing Ray           Conj           48%        2d6       2%          2

Your spell library contained the following spells:

 Spells                   Type           Power      Damage    Failure   Level
 Fulminant Prism          Conj/Alch      7%         3d7       41%         4
 Iskenderun's Mystic Bla  Conj/Tloc      14%        2d5       41%         4


Dungeon Overview and Level Annotations

Branches:
Dungeon (2/15)

Altars:

Annotations:
D:2 Sigmund


Message History

i - a staff of cold
i - a staff of cold (weapon)
Found 9 stones.
j - 2 fuming white potions
Found 4 stones.
j - 4 fuming white potions (gained 2)
Found a stone staircase leading up.
You can't see any susceptible monsters within range! (Use Z to cast anyway.)
k - 2 scrolls labelled JIL XOTRUTAW You can't see any susceptible monsters within range! (Use Z to cast anyway.)
There is a stone staircase leading up here.
Sigmund the Dreaded comes into view.
He is wielding a +0 scythe.
You see here a +0 ring mail.
The magic dart hits Sigmund but does no damage.
Sigmund shouts!
The magic dart hits Sigmund.
Sigmund is lightly wounded.
Sigmund points at you and mumbles some strange words.
You are confused.
You're too confused to cast spells.
You're too confused to cast spells.
Unknown command.
You're too confused to cast spells.
Sigmund points at you and mumbles some strange words.
The magic dart hits you!
Ouch! That really hurt!
A goblin comes into view. It is wielding a +0 club.
You bump into the rock wall.
Sigmund gestures wildly while chanting.
Sigmund flickers and vanishes!
Deactivating autopickup; reactivate with Ctrl-A.
You bump into the rock wall.
You're too confused to move!
You feel less confused. The goblin attacks as it pursues you!
The goblin completely misses you.
You see here a +0 ring mail.
The goblin attacks as it pursues you! The goblin hits you with a +0 club.
Something hits you!
Ouch! That really hurt!
You die...

#.# #.### #########.
#.# ##.#.. ..........
#.# #..#.# ####......
#.###.##.# ##.###..
#.<##.##<## #.......
##.##.....####..###..
#.##................
#.##.....#.###.####.
#..@.......###.####.
####g.#.............
#[.############(#
#..# #..# #..# #...
##.## #..


You could see a goblin.

Vanquished Creatures
  3 ball pythons (D:1)
  5 bats (D:1)
  An endoplasm (D:1)
  A goblin (D:1)
  4 hobgoblins (D:1)
  A quokka (D:1)
  A frilled lizard (D:1)
  A kobold (D:1)
17 creatures vanquished.

Notes
Turn   | Place    | Note
-------+----------+-------------------------------------------
     0 | D:1      | horus123 the Deep Elf Conjurer began the quest for the Orb.
     0 | D:1      | Reached XP level 1. HP: 10/10 MP: 6/6
   236 | D:1      | Reached XP level 2. HP: 15/15 MP: 6/9
   373 | D:1      | Learned a level 2 spell: Searing Ray
   859 | D:2      | Noticed Sigmund
   870 | D:2      | Slain by Sigmund

Illustrated notes

Levels and vault maps discovered:
D:1:      spicycebolla_green_bress_n_ham, layout_basic
D:2:      layout_loops_ring, uniq_natasha, uniq_sigmund, uniq_terence

Skill      XL: |  1 |
---------------+----+-----
Spellcasting   | 4 |  4.5
Dodging        | |  2.4
Stealth        | |  2.4
Conjurations   | |  4.3

Action                     || total
---------------------------++-------
   Cast: Magic Dart        ||    28
 Armour: Robe              ||     3
  Dodge: Dodged            ||     2

Table legend: (Time is in decaauts)
 A = Elapsed time spent in this place.
 B = Non-inter-level travel time spent in this place.
 C = Inter-level travel time spent in this place.
 D = Time resting spent in this place.
 E = Time spent auto-exploring this place.
 F = Levels seen in this place.
 G = Mean time per level.
                   A        B        C        D        E       F      G
               +--------+--------+--------+--------+--------+-----+--------+
         Total |    869 |    858 |     11 |      0 |    784 |   2 |  434.5 |
       Dungeon |    869 |    858 |     11 |      0 |    784 |   2 |  434.5 |
               +--------+--------+--------+--------+--------+-----+--------+

Top non-repeatable levels by time:
     D:1: 762 daAuts
     D:2: 107 daAuts
